Los Angeles Kings vs Quebec Nordiques
Created - Sunday, August 17, 2025 at 09:29
Goals
|
| Los Angeles Kings |
1 |
1 |
1 |
3 |
| Quebec Nordiques |
2 |
0 |
2 |
4 |
|
Shots
|
| Los Angeles Kings |
9 |
13 |
7 |
29 |
| Quebec Nordiques |
12 |
19 |
17 |
48 |
|
1st period
1. Los Angeles Kings , Matthew Boldy 5 (Seth Jarvis 8, Andrei Svechnikov 7) at 0:06
2. Quebec Nordiques , Connor McDavid 3 (Brock Faber 3, Alex DeBrincat 6) at 13:59 (PP)
3. Quebec Nordiques , Rickard Rakell 4 (Alexandre Carrier 2, Connor McDavid 10) at 16:32
Penalties :
MacKenzie Weegar (LAK) for Interference (Minor) at 5:20, Evander Kane (LAK) for Tripping (Minor) at 12:57, Marco Rossi (QUE) for Goalie Interference (Minor) at 14:18
2nd period
4. Los Angeles Kings , Evander Kane 1 (Andrei Kuzmenko 2, Jansen Harkins 3) at 11:08
Penalties :
Matthew Boldy (LAK) for Hooking (Minor) at 11:44
3rd period
5. Los Angeles Kings , Matthew Boldy 6 (Seth Jarvis 9) at 7:07
6. Quebec Nordiques , Matthew Knies 4 (Matt Duchene 5, Alex Vlasic 3) at 8:18
7. Quebec Nordiques , Marco Rossi 1 (Matthew Knies 1, Matt Duchene 6) at 8:34
Penalties :
Brent Burns (LAK) for Tripping (Minor) at 0:22, Nikita Zadorov (QUE) for High sticking (Minor) at 13:45, Evander Kane (LAK) for Hooking (Minor) at 18:16
Goalie Stats
Carl Lindbom (LAK), 27 saves from 29 shots - (0.931), 35:23 minutes
Andrei Vasilevskiy (LAK), 17 saves from 19 shots - (0.895), L, 3-5-0, 24:37 minutes
Joseph Woll (QUE), 26 saves from 29 shots - (0.897), W, 8-1-0, 60:00 minutes
Players Stats for Los Angeles Kings
Player Name G A P +/- PIM S H SB GA TA FO MP PP MP PK MP
------------------------------------------------------------------------------------
Adam Fantilli 0 0 0 -2 0 1 4 2 1 0 9/21 17:40 1:55 3:52
Alexander Romanov 0 0 0 1 0 0 0 1 2 1 0/0 15:11 0:00 0:08
Andrei Kuzmenko 0 1 1 0 0 1 0 0 0 0 0/0 10:31 0:00 0:00
Andrei Svechnikov 0 1 1 2 0 1 1 0 2 0 2/5 19:34 2:03 4:12
Brent Burns 0 0 0 -1 2 2 0 2 0 2 0/0 21:03 2:06 3:10
Cooper Marody 0 0 0 0 0 1 0 0 0 0 0/0 10:02 0:00 0:00
Evander Kane 1 0 1 0 4 5 1 0 0 0 0/1 13:16 0:00 1:25
Jansen Harkins 0 1 1 0 0 2 3 0 0 0 1/7 10:31 0:00 0:00
K'Andre Miller 0 0 0 1 0 5 0 2 0 0 0/0 24:27 1:52 4:24
Logan Cooley 0 0 0 -2 0 2 1 1 1 0 0/1 15:46 1:55 0:23
MacKenzie Weegar 0 0 0 0 2 1 1 4 0 0 0/0 21:52 1:52 3:21
Matthew Boldy 2 0 2 2 2 2 4 0 0 0 0/1 18:54 2:03 3:21
Mikey Eyssimont 0 0 0 0 0 1 0 0 0 0 1/7 10:02 0:00 0:00
Morgan Geekie 0 0 0 -2 0 0 1 2 1 0 0/1 13:38 1:55 0:00
Owen Power 0 0 0 0 0 2 0 2 1 0 0/0 16:44 0:00 2:02
Ryan Suter 0 0 0 -1 0 2 2 2 0 1 0/0 22:13 2:06 4:19
Seth Jarvis 0 2 2 2 0 1 2 0 1 0 5/16 19:46 2:03 4:11
Vitali Kravtsov 0 0 0 0 0 0 0 0 0 0 0/0 10:02 0:00 0:00
Players Stats for Quebec Nordiques
Player Name G A P +/- PIM S H SB GA TA FO MP PP MP PK MP
------------------------------------------------------------------------------------
Alex DeBrincat 0 1 1 0 0 4 0 0 0 0 1/2 20:25 4:22 0:10
Alex Vlasic 0 1 1 0 0 2 2 2 0 2 0/0 28:44 5:31 1:44
Alexandre Carrier 0 1 1 -1 0 1 0 1 0 0 0/0 18:39 2:48 2:14
Brock Faber 0 1 1 1 0 4 0 0 0 1 0/0 19:09 5:54 0:27
Connor Brown 0 0 0 -1 0 0 0 0 0 0 0/0 8:10 0:00 1:51
Connor McDavid 1 1 2 0 0 8 1 0 0 0 16/22 20:10 4:25 0:00
Frederick Gaudreau 0 0 0 -1 0 0 0 0 1 0 0/1 8:16 0:00 1:57
Jake Middleton 0 0 0 -1 0 1 2 2 0 1 0/0 13:26 0:23 1:01
Marco Rossi 1 0 1 2 2 4 0 1 0 0 16/22 17:13 3:40 0:00
Matt Duchene 0 2 2 2 0 2 1 0 0 0 0/1 17:13 3:40 0:00
Matthew Knies 1 1 2 2 0 4 2 0 1 0 0/1 17:31 3:40 0:10
Michael Anderson 0 0 0 1 0 2 1 1 0 0 0/0 17:41 2:48 1:32
Michael McCarron 0 0 0 -1 0 1 0 0 0 0 2/2 8:47 0:37 1:51
Nikita Zadorov 0 0 0 0 2 2 1 1 0 4 0/0 22:27 0:00 0:58
Nikolaj Ehlers 0 0 0 -1 0 5 2 0 0 0 0/0 12:12 0:37 0:00
Rickard Rakell 1 0 1 0 0 6 0 0 2 1 0/1 20:10 4:25 0:00
Shane Pinto 0 0 0 -1 0 1 1 1 0 0 7/8 13:45 0:13 1:57
Will Smith 0 0 0 -1 0 1 0 0 0 0 0/0 12:02 0:27 0:00
3 Stars
1 - Matthew Boldy (LAK)
2 - Matthew Knies (QUE)
3 - Matt Duchene (QUE)
Power Play
Los Angeles Kings - 0 on 1 Attempt(s) - 0.00%
Quebec Nordiques - 1 on 6 Attempt(s) - 16.67%
Penalty Kill
Los Angeles Kings - 5 on 6 Attempt(s) - 83.33%
- Score 0 goal in Penalty Kill
Quebec Nordiques - 1 on 1 Attempt(s) - 100.00%
- Score 0 goal in Penalty Kill
Team Stat
Los Angeles Kings - Hits : 20 - Faceoff Wins : 18 - Blocked Shots : 18 - Penalty Minutes : 10
Quebec Nordiques - Hits : 13 - Faceoff Wins : 42 - Blocked Shots : 9 - Penalty Minutes : 4
Official
Referees : Jean Hebert and Ghislain Hebert
Linesman : Joseph Mahon
Game Notes
7:31 of 2nd period - Penalty Shot by Owen Power for Los Angeles Kings - Stopped by Joseph Woll
Carl Lindbom is injured at 15:23 of 2nd period (Sprained Right Ankle)
Andrei Vasilevskiy enters game at 15:23 of 2nd period
Finance
Level 1 -- Attendance: 5684 (94.73%) -- Ticket Income $511,560
Level 2 -- Attendance: 4632 (92.64%) -- Ticket Income $231,600
Level 3 -- Attendance: 3000 (100.00%) -- Ticket Income $90,000
Level 4 -- Attendance: 5000 (100.00%) -- Ticket Income $100,000
Luxury Box -- Attendance: 742 (74.20%) -- Ticket Income $148,400
Game was played at the Centre Videotron.
Total Attendance: 19058 (95.29%)
Total Ticket Income: $1,081,560
Other Income: $378,546
Total Income: $1,460,106
Los Angeles Kings
5 vs 5 Forward
Center Left Wing Right Wing Time % Phy DF OF
1 Seth Jarvis Matthew Boldy Andrei Svechnikov 30 1 2 2
2 Adam Fantilli Logan Cooley Morgan Geekie 30 1 2 2
3 Jansen Harkins Andrei Kuzmenko Evander Kane 25 1 2 2
4 Mikey Eyssimont Vitali Kravtsov Cooper Marody 15 1 2 2
5 vs 5 Defense
Defense Defense Time % Phy DF OF
1 MacKenzie Weegar K'Andre Miller 35 1 2 2
2 Brent Burns Ryan Suter 35 1 2 2
3 Alexander Romanov Owen Power 30 1 2 2
4 MacKenzie Weegar K'Andre Miller 0 1 2 2
PowerPlay Forward
Center Left Wing Right Wing Time % Phy DF OF
1 Seth Jarvis Matthew Boldy Andrei Svechnikov 50 1 2 2
2 Adam Fantilli Logan Cooley Morgan Geekie 50 1 2 2
PowerPlay Defense
Defense Defense Time % Phy DF OF
1 MacKenzie Weegar K'Andre Miller 50 1 2 2
2 Brent Burns Ryan Suter 50 1 2 2
Penalty Kill 4 Players Forward
Center Wing Time % Phy DF OF
1 Seth Jarvis Matthew Boldy 50 1 2 2
2 Andrei Svechnikov Adam Fantilli 50 1 2 2
Penalty Kill 4 Players Defense
Defense Defense Time % Phy DF OF
1 MacKenzie Weegar K'Andre Miller 50 1 2 2
2 Brent Burns Ryan Suter 50 1 2 2
Penalty Kill - 3 Players Forward
Forward Time % Phy DF OF
1 Seth Jarvis 50 1 2 2
2 Matthew Boldy 50 1 2 2
Penalty Kill - 3 Players Defense
Defense Defense Time % Phy DF OF
1 MacKenzie Weegar K'Andre Miller 50 1 2 2
2 Brent Burns Ryan Suter 50 1 2 2
4 vs 4 Forward
Center Wing Time % Phy DF OF
1 Seth Jarvis Matthew Boldy 50 1 2 2
2 Andrei Svechnikov Adam Fantilli 50 1 2 2
4 vs 4 Defense
Defense Defense Time % Phy DF OF
1 MacKenzie Weegar K'Andre Miller 50 1 2 2
2 Brent Burns Ryan Suter 50 1 2 2
Last Minutes Offensive
Center Left Wing Right Wing Defense Defense
Seth Jarvis Matthew Boldy Andrei Svechnikov MacKenzie Weegar K'Andre Miller
Last Minutes Defensive
Center Left Wing Right Wing Defense Defense
Seth Jarvis Matthew Boldy Andrei Svechnikov MacKenzie Weegar K'Andre Miller
Goaltenders
Starting : Carl Lindbom
Backup : Andrei Vasilevskiy
Extra Forwards
Normal : Andrei Kuzmenko, Jansen Harkins, Evander Kane - PP : Andrei Kuzmenko, Jansen Harkins - PK : Evander Kane
Extra Defensemen
Normal : Alexander Romanov, Owen Power, Brent Burns - PP : Alexander Romanov - PK : Owen Power, Brent Burns
Penalty Shots
Seth Jarvis, Matthew Boldy, Andrei Svechnikov, Adam Fantilli, Logan Cooley
Scratches
Jakub Zboril (Healthy), Alex Gallant (Left Leg Injury)
Quebec Nordiques
5 vs 5 Forward
Center Left Wing Right Wing Time % Phy DF OF
1 Connor McDavid Alex DeBrincat Rickard Rakell 30 1 1 3
2 Marco Rossi Matthew Knies Matt Duchene 30 1 1 3
3 Shane Pinto Will Smith Nikolaj Ehlers 25 1 1 3
4 Michael McCarron Frederick Gaudreau Connor Brown 15 1 3 1
5 vs 5 Defense
Defense Defense Time % Phy DF OF
1 Alex Vlasic Nikita Zadorov 30 1 2 2
2 Brock Faber Michael Anderson 30 1 2 2
3 Jake Middleton Alexandre Carrier 25 1 2 2
4 Alex Vlasic Nikita Zadorov 15 1 2 2
PowerPlay Forward
Center Left Wing Right Wing Time % Phy DF OF
1 Connor McDavid Alex DeBrincat Rickard Rakell 60 1 0 4
2 Marco Rossi Matthew Knies Matt Duchene 40 1 0 4
PowerPlay Defense
Defense Defense Time % Phy DF OF
1 Brock Faber Alex Vlasic 60 1 2 2
2 Alexandre Carrier Michael Anderson 40 1 2 2
Penalty Kill 4 Players Forward
Center Wing Time % Phy DF OF
1 Shane Pinto Frederick Gaudreau 50 2 3 0
2 Michael McCarron Connor Brown 50 2 3 0
Penalty Kill 4 Players Defense
Defense Defense Time % Phy DF OF
1 Alex Vlasic Michael Anderson 50 2 3 0
2 Alexandre Carrier Nikita Zadorov 50 2 3 0
Penalty Kill - 3 Players Forward
Forward Time % Phy DF OF
1 Shane Pinto 50 1 2 2
2 Michael McCarron 50 1 2 2
Penalty Kill - 3 Players Defense
Defense Defense Time % Phy DF OF
1 Alex Vlasic Michael Anderson 50 1 2 2
2 Alexandre Carrier Nikita Zadorov 50 1 2 2
4 vs 4 Forward
Center Wing Time % Phy DF OF
1 Connor McDavid Matt Duchene 50 1 1 3
2 Marco Rossi Alex DeBrincat 50 1 1 3
4 vs 4 Defense
Defense Defense Time % Phy DF OF
1 Alex Vlasic Nikita Zadorov 50 1 2 2
2 Brock Faber Michael Anderson 50 1 2 2
Last Minutes Offensive
Center Left Wing Right Wing Defense Defense
Connor McDavid Matt Duchene Alex DeBrincat Alex Vlasic Brock Faber
Last Minutes Defensive
Center Left Wing Right Wing Defense Defense
Shane Pinto Frederick Gaudreau Michael McCarron Alex Vlasic Michael Anderson
Goaltenders
Starting : Joseph Woll
Backup : Lukas Dostal
Extra Forwards
Normal : Nikolaj Ehlers, Shane Pinto, Will Smith - PP : Nikolaj Ehlers, Will Smith - PK : Matthew Knies
Extra Defensemen
Normal : Brock Faber, Jake Middleton, Nikita Zadorov - PP : Jake Middleton - PK : Jake Middleton, Brock Faber
Penalty Shots
Alex DeBrincat, Connor McDavid, Matt Duchene, Frederick Gaudreau, Rickard Rakell
Scratches
Collin Graf (Healthy)
% Time on Ice - Los Angeles Kings
Lines # - Real PCT - Wanted PCT - Time Play
Normal Forward
1 - 31% - 30% - 14:54
2 - 25% - 30% - 11:53
3 - 22% - 25% - 10:31
4 - 21% - 15% - 10:02
Normal Defense
1 - 37% - 35% - 17:43
2 - 33% - 35% - 15:48
3 - 29% - 30% - 13:49
4 - 0% - 0% - 0:00
PP Forward
1 - 52% - 50% - 2:03
2 - 48% - 50% - 1:55
PP Defense
1 - 47% - 50% - 1:52
2 - 53% - 50% - 2:06
PK Forward
1 - 51% - 50% - 4:27
2 - 49% - 50% - 4:15
PK Defense
1 - 48% - 50% - 4:13
2 - 52% - 50% - 4:29
PK3 Forward
1 - 0% - 50%
2 - 0% - 50%
PK3 Defense
1 - 0% - 50%
2 - 0% - 50%
44 Forward
1 - 0% - 50%
2 - 0% - 50%
44 Defense
1 - 0% - 50%
2 - 0% - 50%
Last Minute Offensive - 0:00
Last Minute Defensive - 0:00
Total
Forward - 60:00
Defense - 60:00
|
% Time on Ice - Quebec Nordiques
Lines # - Real PCT - Wanted PCT - Time Play
Normal Forward
1 - 33% - 30% - 15:45
2 - 29% - 30% - 13:41
3 - 24% - 25% - 11:35
4 - 13% - 15% - 6:19
Normal Defense
1 - 33% - 30% - 15:34
2 - 30% - 30% - 14:17
3 - 24% - 25% - 11:34
4 - 13% - 15% - 5:55
PP Forward
1 - 58% - 60% - 5:02
2 - 42% - 40% - 3:40
PP Defense
1 - 68% - 60% - 5:54
2 - 32% - 40% - 2:48
PK Forward
1 - 49% - 50% - 1:57
2 - 51% - 50% - 2:01
PK Defense
1 - 39% - 50% - 1:32
2 - 61% - 50% - 2:26
PK3 Forward
1 - 0% - 50%
2 - 0% - 50%
PK3 Defense
1 - 0% - 50%
2 - 0% - 50%
44 Forward
1 - 0% - 50%
2 - 0% - 50%
44 Defense
1 - 0% - 50%
2 - 0% - 50%
Last Minute Offensive - 0:00
Last Minute Defensive - 0:00
Total
Forward - 60:00
Defense - 60:00
|
Play-by-Play
1st period
0:01 of 1st period - Seth Jarvis wins face-off versus Alex DeBrincat in neutral zone.
0:06 of 1st period - Snap shot by Matthew Boldy.
0:06 of 1st period - Goal by Matthew Boldy - Los Angeles Kings : 1 - Quebec Nordiques : 0.
0:07 of 1st period - Adam Fantilli wins face-off versus Marco Rossi in neutral zone.
0:22 of 1st period - Slapshot by Adam Fantilli.
0:22 of 1st period - Shot Blocked by Michael Anderson.
0:37 of 1st period - Snap shot by Nikolaj Ehlers.
0:37 of 1st period - Stopped by Carl Lindbom with a rebound.
0:39 of 1st period - Slapshot by Brock Faber.
0:39 of 1st period - Stopped by Carl Lindbom without a rebound.
0:40 of 1st period - Michael McCarron wins face-off versus Mikey Eyssimont in Los Angeles Kings zone.
0:47 of 1st period - Snap shot by Frederick Gaudreau.
0:47 of 1st period - Shot Blocked by Owen Power.
1:05 of 1st period - Owen Power is hit by Jake Middleton and loses puck.
1:42 of 1st period - Off-side.
1:43 of 1st period - Adam Fantilli wins face-off versus Marco Rossi in neutral zone.
1:46 of 1st period - Wrist shot by Logan Cooley.
1:46 of 1st period - Shot Blocked by Nikita Zadorov.
1:48 of 1st period - Backhand shot by Ryan Suter.
1:48 of 1st period - Stopped by Joseph Woll with a rebound.
1:50 of 1st period - Slapshot by Brent Burns.
1:50 of 1st period - Stopped by Joseph Woll without a rebound.
1:51 of 1st period - Marco Rossi wins face-off versus Seth Jarvis in Quebec Nordiques zone.
1:51 of 1st period - Marco Rossi is hit by Seth Jarvis.
2:43 of 1st period - Snap shot by Will Smith.
2:43 of 1st period - Stopped by Carl Lindbom without a rebound.
2:44 of 1st period - Shane Pinto wins face-off versus Mikey Eyssimont in Los Angeles Kings zone.
2:47 of 1st period - Snap shot by Shane Pinto.
2:47 of 1st period - Shot Misses the Net.
3:57 of 1st period - Snap shot by Evander Kane.
3:57 of 1st period - Stopped by Joseph Woll without a rebound.
3:58 of 1st period - Marco Rossi wins face-off versus Jansen Harkins in Quebec Nordiques zone.
4:52 of 1st period - Wrist shot by Will Smith.
4:52 of 1st period - Shot Blocked by Adam Fantilli.
5:06 of 1st period - Wrist shot by Connor Brown.
5:06 of 1st period - Shot Misses the Net.
5:08 of 1st period - Snap shot by Connor Brown.
5:08 of 1st period - Shot Misses the Net.
5:20 of 1st period - Minor Penalty to MacKenzie Weegar for Interference.
5:21 of 1st period - Seth Jarvis wins face-off versus Connor McDavid in Los Angeles Kings zone.
5:30 of 1st period - Snap shot by Rickard Rakell.
5:30 of 1st period - Stopped by Carl Lindbom with a rebound.
5:58 of 1st period - Snap shot by Marco Rossi.
5:58 of 1st period - Shot Blocked by Brent Burns.
6:12 of 1st period - Wrist shot by Seth Jarvis.
6:12 of 1st period - Shot Misses the Net.
7:20 of 1st period - Penalty to MacKenzie Weegar is over, MacKenzie Weegar is back on ice.
7:43 of 1st period - Wrist shot by Mikey Eyssimont.
7:43 of 1st period - Shot Misses the Net.
7:45 of 1st period - Slapshot by Owen Power.
7:45 of 1st period - Shot Blocked by Jake Middleton.
8:21 of 1st period - Backhand shot by Logan Cooley.
8:21 of 1st period - Stopped by Joseph Woll without a rebound.
8:22 of 1st period - Marco Rossi wins face-off versus Logan Cooley in Quebec Nordiques zone.
8:22 of 1st period - Marco Rossi is hit by Adam Fantilli.
8:28 of 1st period - Wrist shot by Marco Rossi.
8:28 of 1st period - Shot Blocked by MacKenzie Weegar.
8:49 of 1st period - Michael McCarron is hit by Morgan Geekie and loses puck.
9:41 of 1st period - Backhand shot by Matt Duchene.
9:41 of 1st period - Shot Misses the Net.
9:53 of 1st period - Wrist shot by Evander Kane.
9:53 of 1st period - Stopped by Joseph Woll with a rebound.
9:55 of 1st period - Slapshot by Owen Power.
9:55 of 1st period - Shot Misses the Net.
9:57 of 1st period - Slapshot by Owen Power.
9:57 of 1st period - Shot Misses the Net.
9:59 of 1st period - Backhand shot by Jansen Harkins.
9:59 of 1st period - Stopped by Joseph Woll with a rebound.
10:01 of 1st period - Snap shot by Owen Power.
10:01 of 1st period - Stopped by Joseph Woll with a rebound.
11:53 of 1st period - Snap shot by Alex DeBrincat.
11:53 of 1st period - Deflect By Connor McDavid.
11:53 of 1st period - Stopped by Carl Lindbom with a rebound.
12:46 of 1st period - Icing by Alexander Romanov.
12:47 of 1st period - Michael McCarron wins face-off versus Jansen Harkins in Los Angeles Kings zone.
12:57 of 1st period - Minor Penalty to Evander Kane for Tripping.
12:58 of 1st period - Connor McDavid wins face-off versus Adam Fantilli in Los Angeles Kings zone.
12:58 of 1st period - Wrist shot by Alex DeBrincat.
12:58 of 1st period - Shot Misses the Net.
13:00 of 1st period - Snap shot by Alex Vlasic.
13:00 of 1st period - Deflect By Alex DeBrincat.
13:00 of 1st period - Shot Misses the Net.
13:00 of 1st period - Puck is out of play.
13:01 of 1st period - Connor McDavid wins face-off versus Andrei Svechnikov in Los Angeles Kings zone.
13:04 of 1st period - Snap shot by Alex DeBrincat.
13:04 of 1st period - Deflect By Connor McDavid.
13:04 of 1st period - Stopped by Carl Lindbom without a rebound.
13:05 of 1st period - Andrei Svechnikov wins face-off versus Rickard Rakell in Los Angeles Kings zone.
13:36 of 1st period - Wrist shot by Andrei Svechnikov.
13:36 of 1st period - Shot Misses the Net.
13:55 of 1st period - Wrist shot by Connor McDavid.
13:55 of 1st period - Shot Blocked by K'Andre Miller.
13:57 of 1st period - Slapshot by Brock Faber.
13:57 of 1st period - Stopped by Carl Lindbom with a rebound.
13:59 of 1st period - Slapshot by Brock Faber.
13:59 of 1st period - Deflect By Connor McDavid.
13:59 of 1st period - Goal by Connor McDavid - Los Angeles Kings : 1 - Quebec Nordiques : 1.
14:00 of 1st period - Marco Rossi wins face-off versus Andrei Svechnikov in neutral zone.
14:03 of 1st period - Wrist shot by Matthew Knies.
14:03 of 1st period - Shot Misses the Net.
14:18 of 1st period - Minor Penalty to Marco Rossi for Goalie Interference.
14:19 of 1st period - Seth Jarvis wins face-off versus Frederick Gaudreau in Quebec Nordiques zone.
14:45 of 1st period - Michael McCarron is hit by Logan Cooley and loses puck.
16:18 of 1st period - Penalty to Marco Rossi is over, Marco Rossi is back on ice.
16:28 of 1st period - Slapshot by Rickard Rakell.
16:28 of 1st period - Shot Misses the Net.
16:30 of 1st period - Slapshot by Alexandre Carrier.
16:30 of 1st period - Shot Misses the Net.
16:32 of 1st period - Snap shot by Rickard Rakell.
16:32 of 1st period - Goal by Rickard Rakell - Los Angeles Kings : 1 - Quebec Nordiques : 2.
16:33 of 1st period - Connor McDavid wins face-off versus Jansen Harkins in neutral zone.
16:48 of 1st period - Wrist shot by Connor McDavid.
16:48 of 1st period - Stopped by Carl Lindbom with a rebound.
17:31 of 1st period - Wrist shot by Nikolaj Ehlers.
17:31 of 1st period - Stopped by Carl Lindbom with a rebound.
18:05 of 1st period - Wrist shot by Frederick Gaudreau.
18:05 of 1st period - Shot Hit the Post.
18:07 of 1st period - Snap shot by Michael McCarron.
18:07 of 1st period - Stopped by Carl Lindbom with a rebound.
18:09 of 1st period - Backhand shot by Nikita Zadorov.
18:09 of 1st period - Shot Blocked by Ryan Suter.
18:15 of 1st period - Wrist shot by Frederick Gaudreau.
18:15 of 1st period - Shot Misses the Net.
18:17 of 1st period - Slapshot by Frederick Gaudreau.
18:17 of 1st period - Shot Blocked by Ryan Suter.
18:29 of 1st period - Slapshot by Seth Jarvis.
18:29 of 1st period - Deflect By Andrei Svechnikov.
18:29 of 1st period - Shot Misses the Net.
18:29 of 1st period - Puck is out of play.
18:30 of 1st period - Marco Rossi wins face-off versus Seth Jarvis in Quebec Nordiques zone.
18:45 of 1st period - Snap shot by Matthew Knies.
18:45 of 1st period - Shot Misses the Net.
19:01 of 1st period - Adam Fantilli is hit by Connor McDavid and loses puck.
19:29 of 1st period - Slapshot by Evander Kane.
19:29 of 1st period - Stopped by Joseph Woll with a rebound.
19:31 of 1st period - Snap shot by Jansen Harkins.
19:31 of 1st period - Shot Misses the Net.
Goals for this period are 1 for Los Angeles Kings vs 2 for Quebec Nordiques.
Shots for this period are 9 for Los Angeles Kings vs 12 for Quebec Nordiques.
2nd period
0:01 of 2nd period - Seth Jarvis wins face-off versus Connor McDavid in neutral zone.
0:26 of 2nd period - Nikita Zadorov is hit by Adam Fantilli and loses puck.
1:40 of 2nd period - Icing by Seth Jarvis.
1:41 of 2nd period - Marco Rossi wins face-off versus Seth Jarvis in Los Angeles Kings zone.
1:51 of 2nd period - Off-side.
1:52 of 2nd period - Connor McDavid wins face-off versus Seth Jarvis in neutral zone.
2:07 of 2nd period - Wrist shot by Rickard Rakell.
2:07 of 2nd period - Shot Misses the Net.
2:09 of 2nd period - Slapshot by Rickard Rakell.
2:09 of 2nd period - Stopped by Carl Lindbom without a rebound.
2:10 of 2nd period - Adam Fantilli wins face-off versus Marco Rossi in Los Angeles Kings zone.
2:36 of 2nd period - Rickard Rakell is hit by Matthew Boldy.
3:00 of 2nd period - Slapshot by Nikolaj Ehlers.
3:00 of 2nd period - Stopped by Carl Lindbom without a rebound.
3:01 of 2nd period - Jansen Harkins wins face-off versus Shane Pinto in Los Angeles Kings zone.
3:05 of 2nd period - Icing by Evander Kane.
3:06 of 2nd period - Shane Pinto wins face-off versus Jansen Harkins in Los Angeles Kings zone.
3:46 of 2nd period - Wrist shot by Jansen Harkins.
3:46 of 2nd period - Shot Blocked by Alexandre Carrier.
3:48 of 2nd period - Slapshot by K'Andre Miller.
3:48 of 2nd period - Shot Blocked by Shane Pinto.
3:50 of 2nd period - Slapshot by Jansen Harkins.
3:50 of 2nd period - Stopped by Joseph Woll with a rebound.
3:59 of 2nd period - Snap shot by Andrei Kuzmenko.
3:59 of 2nd period - Stopped by Joseph Woll without a rebound.
4:00 of 2nd period - Adam Fantilli wins face-off versus Connor McDavid in Quebec Nordiques zone.
4:53 of 2nd period - Alexander Romanov is hit by Michael Anderson and loses puck.
5:02 of 2nd period - Slapshot by Alex Vlasic.
5:02 of 2nd period - Stopped by Carl Lindbom with a rebound.
5:04 of 2nd period - Slapshot by Nikita Zadorov.
5:04 of 2nd period - Shot Misses the Net.
5:26 of 2nd period - Alex Vlasic is hit by Seth Jarvis and loses puck.
5:43 of 2nd period - Snap shot by Marco Rossi.
5:43 of 2nd period - Stopped by Carl Lindbom with a rebound.
5:45 of 2nd period - Slapshot by Matt Duchene.
5:45 of 2nd period - Shot Misses the Net.
5:47 of 2nd period - Wrist shot by Marco Rossi.
5:47 of 2nd period - Deflect By Matthew Knies.
5:47 of 2nd period - Stopped by Carl Lindbom with a rebound.
5:49 of 2nd period - Snap shot by Matthew Knies.
5:49 of 2nd period - Shot Misses the Net.
6:03 of 2nd period - Snap shot by Logan Cooley.
6:03 of 2nd period - Stopped by Joseph Woll with a rebound.
6:05 of 2nd period - Slapshot by K'Andre Miller.
6:05 of 2nd period - Shot Misses the Net.
6:09 of 2nd period - Slapshot by Adam Fantilli.
6:09 of 2nd period - Shot Misses the Net.
6:21 of 2nd period - Connor McDavid is hit by Matthew Boldy and loses puck.
7:04 of 2nd period - Backhand shot by Nikolaj Ehlers.
7:04 of 2nd period - Shot Misses the Net.
7:06 of 2nd period - Slapshot by Brock Faber.
7:06 of 2nd period - Shot Blocked by Morgan Geekie.
7:08 of 2nd period - Slapshot by Michael Anderson.
7:08 of 2nd period - Shot Blocked by Logan Cooley.
7:10 of 2nd period - Slapshot by Michael Anderson.
7:10 of 2nd period - Stopped by Carl Lindbom without a rebound.
7:11 of 2nd period - Connor McDavid wins face-off versus Seth Jarvis in Los Angeles Kings zone.
7:12 of 2nd period - Slapshot by Rickard Rakell.
7:12 of 2nd period - Shot Misses the Net.
7:14 of 2nd period - Wrist shot by Connor McDavid.
7:14 of 2nd period - Stopped by Carl Lindbom without a rebound.
7:15 of 2nd period - Alex DeBrincat wins face-off versus Seth Jarvis in Los Angeles Kings zone.
7:31 of 2nd period - Penalty Shot by Owen Power for Los Angeles Kings.
7:31 of 2nd period - Wrist shot by Owen Power.
7:31 of 2nd period - Stopped by Joseph Woll.
7:32 of 2nd period - Adam Fantilli wins face-off versus Marco Rossi in Los Angeles Kings zone.
7:36 of 2nd period - Wrist shot by Adam Fantilli.
7:36 of 2nd period - Shot Blocked by Alex Vlasic.
8:29 of 2nd period - Slapshot by Frederick Gaudreau.
8:29 of 2nd period - Shot Misses the Net.
8:46 of 2nd period - Icing by MacKenzie Weegar.
8:47 of 2nd period - Mikey Eyssimont wins face-off versus Marco Rossi in Los Angeles Kings zone.
8:54 of 2nd period - Slapshot by MacKenzie Weegar.
8:54 of 2nd period - Stopped by Joseph Woll with a rebound.
8:56 of 2nd period - Slapshot by K'Andre Miller.
8:56 of 2nd period - Stopped by Joseph Woll with a rebound.
8:58 of 2nd period - Slapshot by K'Andre Miller.
8:58 of 2nd period - Shot Misses the Net.
9:00 of 2nd period - Slapshot by Mikey Eyssimont.
9:00 of 2nd period - Stopped by Joseph Woll with a rebound.
9:02 of 2nd period - Wrist shot by Cooper Marody.
9:02 of 2nd period - Shot Misses the Net.
9:04 of 2nd period - Slapshot by K'Andre Miller.
9:04 of 2nd period - Stopped by Joseph Woll with a rebound.
9:42 of 2nd period - Slapshot by K'Andre Miller.
9:42 of 2nd period - Stopped by Joseph Woll with a rebound.
9:44 of 2nd period - Snap shot by K'Andre Miller.
9:44 of 2nd period - Shot Misses the Net.
9:46 of 2nd period - Slapshot by K'Andre Miller.
9:46 of 2nd period - Stopped by Joseph Woll with a rebound.
9:48 of 2nd period - Slapshot by K'Andre Miller.
9:48 of 2nd period - Shot Misses the Net.
9:50 of 2nd period - Wrist shot by K'Andre Miller.
9:50 of 2nd period - Stopped by Joseph Woll with a rebound.
9:52 of 2nd period - Slapshot by K'Andre Miller.
9:52 of 2nd period - Shot Misses the Net.
9:54 of 2nd period - Wrist shot by Mikey Eyssimont.
9:54 of 2nd period - Shot Misses the Net.
10:04 of 2nd period - Snap shot by Mikey Eyssimont.
10:04 of 2nd period - Shot Misses the Net.
10:06 of 2nd period - Snap shot by Mikey Eyssimont.
10:06 of 2nd period - Shot Misses the Net.
10:08 of 2nd period - Slapshot by K'Andre Miller.
10:08 of 2nd period - Shot Blocked by Alex Vlasic.
10:10 of 2nd period - Slapshot by Mikey Eyssimont.
10:10 of 2nd period - Shot Misses the Net.
10:12 of 2nd period - Snap shot by Cooper Marody.
10:12 of 2nd period - Stopped by Joseph Woll without a rebound.
10:13 of 2nd period - Connor McDavid wins face-off versus Adam Fantilli in Quebec Nordiques zone.
10:29 of 2nd period - Snap shot by Adam Fantilli.
10:29 of 2nd period - Shot Misses the Net.
10:39 of 2nd period - Michael Anderson is hit by Matthew Boldy and loses puck.
10:48 of 2nd period - Snap shot by Marco Rossi.
10:48 of 2nd period - Shot Misses the Net.
11:08 of 2nd period - Wrist shot by Evander Kane.
11:08 of 2nd period - Goal by Evander Kane - Los Angeles Kings : 2 - Quebec Nordiques : 2.
11:09 of 2nd period - Adam Fantilli wins face-off versus Connor McDavid in neutral zone.
11:34 of 2nd period - Ryan Suter is hit by Alex Vlasic and loses puck.
11:44 of 2nd period - Minor Penalty to Matthew Boldy for Hooking.
11:45 of 2nd period - Andrei Svechnikov wins face-off versus Connor McDavid in Los Angeles Kings zone.
11:49 of 2nd period - Brock Faber is hit by Adam Fantilli and loses puck.
12:33 of 2nd period - Adam Fantilli is hit by Alex Vlasic and loses puck.
13:12 of 2nd period - Wrist shot by Matt Duchene.
13:12 of 2nd period - Shot Misses the Net.
13:14 of 2nd period - Wrist shot by Alex Vlasic.
13:14 of 2nd period - Shot Misses the Net.
13:16 of 2nd period - Slapshot by Brock Faber.
13:16 of 2nd period - Shot Blocked by K'Andre Miller.
13:18 of 2nd period - Snap shot by Matt Duchene.
13:18 of 2nd period - Stopped by Carl Lindbom without a rebound.
13:19 of 2nd period - Connor McDavid wins face-off versus Seth Jarvis in Los Angeles Kings zone.
13:22 of 2nd period - Slapshot by Connor McDavid.
13:22 of 2nd period - Stopped by Carl Lindbom without a rebound.
13:23 of 2nd period - Connor McDavid wins face-off versus Seth Jarvis in Los Angeles Kings zone.
13:44 of 2nd period - Penalty to Matthew Boldy is over, Matthew Boldy is back on ice.
13:54 of 2nd period - Wrist shot by Alex DeBrincat.
13:54 of 2nd period - Stopped by Carl Lindbom with a rebound.
13:56 of 2nd period - Slapshot by Alexandre Carrier.
13:56 of 2nd period - Stopped by Carl Lindbom without a rebound.
13:57 of 2nd period - Shane Pinto wins face-off versus Evander Kane in Los Angeles Kings zone.
14:00 of 2nd period - Snap shot by Nikolaj Ehlers.
14:00 of 2nd period - Stopped by Carl Lindbom with a rebound.
14:02 of 2nd period - Snap shot by Will Smith.
14:02 of 2nd period - Shot Blocked by Owen Power.
14:04 of 2nd period - Slapshot by Nikita Zadorov.
14:04 of 2nd period - Stopped by Carl Lindbom with a rebound.
14:06 of 2nd period - Wrist shot by Nikolaj Ehlers.
14:06 of 2nd period - Shot Hit the Post.
14:08 of 2nd period - Snap shot by Shane Pinto.
14:08 of 2nd period - Deflect By Will Smith.
14:08 of 2nd period - Shot Misses the Net.
14:08 of 2nd period - Puck is out of play.
14:09 of 2nd period - Adam Fantilli wins face-off versus Marco Rossi in Los Angeles Kings zone.
14:09 of 2nd period - Adam Fantilli is hit by Matthew Knies.
14:19 of 2nd period - Snap shot by Adam Fantilli.
14:19 of 2nd period - Deflect By Logan Cooley.
14:19 of 2nd period - Shot Misses the Net.
14:19 of 2nd period - Puck is out of play.
14:20 of 2nd period - Connor McDavid wins face-off versus Adam Fantilli in Quebec Nordiques zone.
15:05 of 2nd period - Off-side.
15:06 of 2nd period - Shane Pinto wins face-off versus Jansen Harkins in neutral zone.
15:11 of 2nd period - Slapshot by Brock Faber.
15:11 of 2nd period - Shot Blocked by Alexander Romanov.
15:13 of 2nd period - Snap shot by Nikolaj Ehlers.
15:13 of 2nd period - Shot Misses the Net.
15:15 of 2nd period - Slapshot by Brock Faber.
15:15 of 2nd period - Stopped by Carl Lindbom with a rebound.
15:17 of 2nd period - Snap shot by Brock Faber.
15:17 of 2nd period - Stopped by Carl Lindbom without a rebound.
15:18 of 2nd period - Connor McDavid wins face-off versus Adam Fantilli in Los Angeles Kings zone.
15:21 of 2nd period - Slapshot by Connor McDavid.
15:21 of 2nd period - Stopped by Carl Lindbom with a rebound.
15:23 of 2nd period - Slapshot by Michael Anderson.
15:23 of 2nd period - Stopped by Carl Lindbom with a rebound.
15:23 of 2nd period - Carl Lindbom from Los Angeles Kings is injured at 15:23 of 2nd period (Sprained Right Ankle).
15:23 of 2nd period - Andrei Vasilevskiy enters game.
15:24 of 2nd period - Marco Rossi wins face-off versus Adam Fantilli in Los Angeles Kings zone.
16:00 of 2nd period - Owen Power is hit by Nikita Zadorov and loses puck.
17:27 of 2nd period - Nikolaj Ehlers is hit by Jansen Harkins and loses puck.
17:48 of 2nd period - Slapshot by Alex Vlasic.
17:48 of 2nd period - Stopped by Andrei Vasilevskiy without a rebound.
17:49 of 2nd period - Marco Rossi wins face-off versus Adam Fantilli in Los Angeles Kings zone.
17:54 of 2nd period - Slapshot by Matt Duchene.
17:54 of 2nd period - Stopped by Andrei Vasilevskiy with a rebound.
18:02 of 2nd period - Matt Duchene is hit by MacKenzie Weegar and loses puck.
19:00 of 2nd period - Backhand shot by Brent Burns.
19:00 of 2nd period - Shot Misses the Net.
19:02 of 2nd period - Slapshot by Ryan Suter.
19:02 of 2nd period - Stopped by Joseph Woll without a rebound.
19:03 of 2nd period - Marco Rossi wins face-off versus Mikey Eyssimont in Quebec Nordiques zone.
19:27 of 2nd period - MacKenzie Weegar is hit by Matthew Knies and loses puck.
19:33 of 2nd period - K'Andre Miller is hit by Jake Middleton and loses puck.
19:48 of 2nd period - Slapshot by MacKenzie Weegar.
19:48 of 2nd period - Deflect By Cooper Marody.
19:48 of 2nd period - Shot Misses the Net.
19:48 of 2nd period - Puck is out of play.
19:49 of 2nd period - Connor McDavid wins face-off versus Adam Fantilli in Quebec Nordiques zone.
Goals for this period are 1 for Los Angeles Kings vs 0 for Quebec Nordiques.
Shots for this period are 13 for Los Angeles Kings vs 19 for Quebec Nordiques.
3rd period
0:01 of 3rd period - Connor McDavid wins face-off versus Matthew Boldy in neutral zone.
0:22 of 3rd period - Minor Penalty to Brent Burns for Tripping.
0:23 of 3rd period - Connor McDavid wins face-off versus Seth Jarvis in Los Angeles Kings zone.
2:09 of 3rd period - Wrist shot by Logan Cooley.
2:09 of 3rd period - Shot Misses the Net.
2:22 of 3rd period - Penalty to Brent Burns is over, Brent Burns is back on ice.
3:09 of 3rd period - Wrist shot by Connor McDavid.
3:09 of 3rd period - Shot Misses the Net.
3:11 of 3rd period - Slapshot by Alexandre Carrier.
3:11 of 3rd period - Shot Misses the Net.
3:13 of 3rd period - Snap shot by Rickard Rakell.
3:13 of 3rd period - Shot Misses the Net.
3:19 of 3rd period - Snap shot by Rickard Rakell.
3:19 of 3rd period - Stopped by Andrei Vasilevskiy with a rebound.
3:21 of 3rd period - Snap shot by Alex DeBrincat.
3:21 of 3rd period - Shot Blocked by Brent Burns.
3:23 of 3rd period - Snap shot by Connor McDavid.
3:23 of 3rd period - Shot Misses the Net.
3:43 of 3rd period - Slapshot by Alex DeBrincat.
3:43 of 3rd period - Stopped by Andrei Vasilevskiy without a rebound.
3:44 of 3rd period - Marco Rossi wins face-off versus Seth Jarvis in Los Angeles Kings zone.
3:57 of 3rd period - Wrist shot by Seth Jarvis.
3:57 of 3rd period - Deflect By Andrei Svechnikov.
3:57 of 3rd period - Stopped by Joseph Woll with a rebound.
4:02 of 3rd period - Off-side.
4:03 of 3rd period - Shane Pinto wins face-off versus Mikey Eyssimont in neutral zone.
4:36 of 3rd period - Will Smith is hit by Andrei Svechnikov and loses puck.
4:50 of 3rd period - Seth Jarvis is hit by Nikolaj Ehlers and loses puck.
5:07 of 3rd period - Snap shot by Nikolaj Ehlers.
5:07 of 3rd period - Stopped by Andrei Vasilevskiy with a rebound.
5:09 of 3rd period - Snap shot by Shane Pinto.
5:09 of 3rd period - Shot Misses the Net.
5:11 of 3rd period - Slapshot by Shane Pinto.
5:11 of 3rd period - Stopped by Andrei Vasilevskiy with a rebound.
5:37 of 3rd period - MacKenzie Weegar is hit by Nikolaj Ehlers and loses puck.
6:03 of 3rd period - Andrei Svechnikov is hit by Shane Pinto and loses puck.
6:18 of 3rd period - Nikolaj Ehlers is hit by Matthew Boldy and loses puck.
7:07 of 3rd period - Wrist shot by Matthew Boldy.
7:07 of 3rd period - Goal by Matthew Boldy - Los Angeles Kings : 3 - Quebec Nordiques : 2.
7:08 of 3rd period - Marco Rossi wins face-off versus Adam Fantilli in neutral zone.
7:13 of 3rd period - Slapshot by Nikita Zadorov.
7:13 of 3rd period - Shot Misses the Net.
7:35 of 3rd period - Rickard Rakell is hit by Jansen Harkins and loses puck.
8:16 of 3rd period - Wrist shot by Matt Duchene.
8:16 of 3rd period - Shot Blocked by Adam Fantilli.
8:18 of 3rd period - Wrist shot by Matthew Knies.
8:18 of 3rd period - Goal by Matthew Knies - Los Angeles Kings : 3 - Quebec Nordiques : 3.
8:19 of 3rd period - Marco Rossi wins face-off versus Adam Fantilli in neutral zone.
8:26 of 3rd period - Snap shot by Matthew Knies.
8:26 of 3rd period - Stopped by Andrei Vasilevskiy with a rebound.
8:28 of 3rd period - Wrist shot by Matthew Knies.
8:28 of 3rd period - Shot Misses the Net.
8:30 of 3rd period - Snap shot by Matt Duchene.
8:30 of 3rd period - Shot Blocked by Morgan Geekie.
8:32 of 3rd period - Wrist shot by Matthew Knies.
8:32 of 3rd period - Shot Misses the Net.
8:34 of 3rd period - Slapshot by Marco Rossi.
8:34 of 3rd period - Deflect By K'Andre Miller.
8:34 of 3rd period - Goal by Marco Rossi - Los Angeles Kings : 3 - Quebec Nordiques : 4.
8:35 of 3rd period - Adam Fantilli wins face-off versus Matt Duchene in neutral zone.
8:50 of 3rd period - Snap shot by Matthew Knies.
8:50 of 3rd period - Deflect By Marco Rossi.
8:50 of 3rd period - Stopped by Andrei Vasilevskiy with a rebound.
8:52 of 3rd period - Slapshot by Marco Rossi.
8:52 of 3rd period - Stopped by Andrei Vasilevskiy with a rebound.
9:02 of 3rd period - Nikita Zadorov is hit by Jansen Harkins and loses puck.
9:48 of 3rd period - MacKenzie Weegar is hit by Matt Duchene and loses puck.
10:02 of 3rd period - Icing by Adam Fantilli.
10:03 of 3rd period - Adam Fantilli wins face-off versus Connor McDavid in Los Angeles Kings zone.
10:29 of 3rd period - Snap shot by Alex DeBrincat.
10:29 of 3rd period - Deflect By Andrei Svechnikov.
10:29 of 3rd period - Stopped by Andrei Vasilevskiy without a rebound.
10:30 of 3rd period - Seth Jarvis wins face-off versus Matthew Knies in Los Angeles Kings zone.
11:22 of 3rd period - Wrist shot by Andrei Kuzmenko.
11:22 of 3rd period - Deflect By Evander Kane.
11:22 of 3rd period - Stopped by Joseph Woll with a rebound.
11:24 of 3rd period - Snap shot by Owen Power.
11:24 of 3rd period - Stopped by Joseph Woll without a rebound.
11:25 of 3rd period - Marco Rossi wins face-off versus Adam Fantilli in Quebec Nordiques zone.
11:32 of 3rd period - Snap shot by Matt Duchene.
11:32 of 3rd period - Shot Misses the Net.
11:50 of 3rd period - Alexandre Carrier is hit by Ryan Suter and loses puck.
12:17 of 3rd period - Slapshot by Brent Burns.
12:17 of 3rd period - Stopped by Joseph Woll without a rebound.
12:18 of 3rd period - Marco Rossi wins face-off versus Mikey Eyssimont in Quebec Nordiques zone.
12:49 of 3rd period - Wrist shot by Adam Fantilli.
12:49 of 3rd period - Stopped by Joseph Woll without a rebound.
12:50 of 3rd period - Connor McDavid wins face-off versus Morgan Geekie in Quebec Nordiques zone.
13:05 of 3rd period - Slapshot by Connor McDavid.
13:05 of 3rd period - Shot Misses the Net.
13:07 of 3rd period - Slapshot by Jake Middleton.
13:07 of 3rd period - Stopped by Andrei Vasilevskiy with a rebound.
13:17 of 3rd period - Matt Duchene is hit by Evander Kane and loses puck.
13:28 of 3rd period - Wrist shot by Matthew Knies.
13:28 of 3rd period - Stopped by Andrei Vasilevskiy without a rebound.
13:29 of 3rd period - Connor McDavid wins face-off versus Seth Jarvis in Los Angeles Kings zone.
13:42 of 3rd period - Snap shot by Seth Jarvis.
13:42 of 3rd period - Stopped by Joseph Woll without a rebound.
13:43 of 3rd period - Marco Rossi wins face-off versus Adam Fantilli in Quebec Nordiques zone.
13:45 of 3rd period - Minor Penalty to Nikita Zadorov for High sticking.
13:46 of 3rd period - Shane Pinto wins face-off versus Adam Fantilli in Quebec Nordiques zone.
13:46 of 3rd period - Shane Pinto is hit by Ryan Suter.
14:19 of 3rd period - Wrist shot by Seth Jarvis.
14:19 of 3rd period - Shot Blocked by Jake Middleton.
14:21 of 3rd period - Wrist shot by Matthew Boldy.
14:21 of 3rd period - Shot Misses the Net.
14:31 of 3rd period - Michael McCarron is hit by Adam Fantilli.
15:45 of 3rd period - Penalty to Nikita Zadorov is over, Nikita Zadorov is back on ice.
16:21 of 3rd period - Off-side.
16:22 of 3rd period - Connor McDavid wins face-off versus Mikey Eyssimont in neutral zone.
16:27 of 3rd period - Snap shot by Connor McDavid.
16:27 of 3rd period - Shot Misses the Net.
16:29 of 3rd period - Wrist shot by Alex Vlasic.
16:29 of 3rd period - Shot Blocked by MacKenzie Weegar.
16:31 of 3rd period - Snap shot by Rickard Rakell.
16:31 of 3rd period - Stopped by Andrei Vasilevskiy with a rebound.
16:33 of 3rd period - Slapshot by Nikita Zadorov.
16:33 of 3rd period - Stopped by Andrei Vasilevskiy with a rebound.
17:15 of 3rd period - Snap shot by Connor McDavid.
17:15 of 3rd period - Stopped by Andrei Vasilevskiy with a rebound.
17:17 of 3rd period - Wrist shot by Alex DeBrincat.
17:17 of 3rd period - Shot Blocked by MacKenzie Weegar.
17:19 of 3rd period - Slapshot by Nikita Zadorov.
17:19 of 3rd period - Shot Blocked by MacKenzie Weegar.
17:21 of 3rd period - Snap shot by Rickard Rakell.
17:21 of 3rd period - Stopped by Andrei Vasilevskiy with a rebound.
17:23 of 3rd period - Wrist shot by Rickard Rakell.
17:23 of 3rd period - Shot Misses the Net.
17:25 of 3rd period - Backhand shot by Alex DeBrincat.
17:25 of 3rd period - Shot Misses the Net.
18:09 of 3rd period - Snap shot by Alex DeBrincat.
18:09 of 3rd period - Stopped by Andrei Vasilevskiy without a rebound.
18:10 of 3rd period - Shane Pinto wins face-off versus Jansen Harkins in Los Angeles Kings zone.
18:16 of 3rd period - Minor Penalty to Evander Kane for Hooking.
18:17 of 3rd period - Marco Rossi wins face-off versus Andrei Svechnikov in Los Angeles Kings zone.
18:31 of 3rd period - Slapshot by Seth Jarvis.
18:31 of 3rd period - Shot Blocked by Marco Rossi.
Goals for this period are 1 for Los Angeles Kings vs 2 for Quebec Nordiques.
Shots for this period are 7 for Los Angeles Kings vs 17 for Quebec Nordiques.
Back to the Top